Map: Golden Wall LE

Players

RyuKey

  • Race: Terran Terran
  • Spawn Location: 5:00

A.I. 1 (Elite) - Winner!

  • Race: Zerg Zerg
  • Spawn Location: 7:00

VOD

Have the link to the VOD?

Description

Time

  • Played on: June 10, 2020, 9:13 a.m.
  • Length: 4:51
Show
View Real Time Build Order
Export as new Build Order

RyuKey Terran 

Build Orders:  

Get SALT Encoding   

  12  0:02  SCV  
  13  0:14  SCV  
  13  0:19  Supply Depot  
  14  0:26  SCV  
  15  0:40  SCV  
  15  0:41  Barracks  
  16  0:46  Refinery  
  16  0:52  SCV  
  16  0:54  Refinery  
  17  1:04  SCV  
  18  1:17  SCV  
  19  1:23  Barracks  
  19  1:30  Barracks Reactor  
  19  1:34  Orbital Command  
  19  1:44  Supply Depot  
  19  2:00  SCV  
  20  2:08  Barracks  
  20  2:10  Marine x2  
  22  2:16  Barracks Tech Lab  
  22  2:27  Marine  
  22  2:28  Marine, SCV  
  27  2:37  Marauder, Concussive Shells  
  27  2:41  Supply Depot  
  27  2:43  SCV  
  28  2:51  Marine  
  28  2:52  Marine  
  28  2:55  SCV  
  28  2:58  Barracks Tech Lab  
  31  3:04  Supply Depot  
  31  3:05  Marauder  
  33  3:09  Marine  
  33  3:10  Marine  
  36  3:22  Marauder  
  36  3:25  Marine  
  38  3:27  Combat Shield  
  38  3:32  Marine x2  
  40  3:40  Supply Depot  
  40  3:44  Marauder  
  42  3:52  Marine x3  
  34  4:10  Marine x2  
  34  4:11  Marine x2  
  34  4:13  SCV  
  39  4:28  Marine x2  
  39  4:29  Marine, Marauder, Supply Depot  
  44  4:47  Factory  
Show
View Real Time Build Order
Export as new Build Order

A.I. 1 (Elite) Zerg - Winner!

Build Orders: 1 Base Baneling Bust, Pool First, Zergling Baneling 

Get SALT Encoding   

  12  0:00  Drone  
  13  0:07  Drone  
  14  0:17  Overlord  
  14  0:34  Spawning Pool  
  13  0:35  Extractor  
  13  0:39  Drone  
  13  0:42  Drone  
  14  0:47  Drone  
  15  1:21  Zergling x2, Queen  
  15  1:22  Zergling x4  
  20  1:32  Zergling x2  
  21  1:37  Baneling Nest  
  20  1:43  Drone  
  21  1:54  Zergling x2  
  22  2:05  Overlord  
  22  2:17  Hatchery  
  22  2:22  Drone  
  22  2:26  Zergling x2  
  23  2:31  Zergling x2  
  23  2:36  Zergling x2  
  25  2:41  Zergling x2  
  25  2:42  Baneling  
  26  2:47  Zergling x2  
  26  2:49  Baneling  
  27  2:52  Baneling  
  27  2:56  Zergling x2  
  28  2:59  Baneling  
  28  3:01  Baneling  
  28  3:04  Zergling x2  
  29  3:07  Baneling  
  29  3:09  Baneling  
  29  3:13  Zergling x2  
  30  3:23  Overlord  
  30  3:26  Baneling  
  30  3:30  Zergling x2  
  31  3:35  Zergling x2  
  32  3:42  Zergling x2  
  32  3:47  Zergling x2  
  34  3:51  Zergling x2  
  35  3:56  Zergling x2  
  35  4:00  Baneling  
  30  4:05  Baneling x2  
  30  4:09  Baneling, Zergling x2  
  26  4:14  Zergling x2  
  27  4:18  Zergling x2  
  27  4:22  Drone  
  29  4:36  Roach Warren  
Tags
 
Add a new tag
Caveats
  • Supply blocks, unpowered buildings, or Contaminate may cause inaccurate times.
  • Supply counts are checked every 10 seconds.